 Dungeon Crawl Stone Soup version 0.29-a0-270-g1586fc07ea (webtiles) character file.

Game seed: 9023148438038470312

1325 Ajdolov the Cleaver (level 8, -2/73 HPs)
             Began as a Hill Orc Fighter on Mar 7, 2022.
             Was a Priest of Uskayaw.
             Slain by a killer bee zombie (5 damage)
             ... on level 6 of the Dungeon.
             The game lasted 00:06:15 (4747 turns).

Ajdolov the Cleaver (Hill Orc Fighter)              Turns: 4747, Time: 00:06:16

Health: -2/73      AC:  8    Str: 21    XL:     8   Next: 60%
Magic:  11/11      EV:  9    Int:  8    God:    Uskayaw [***...]
Gold:   217        SH:  0    Dex: 10    Spells: 7/7 levels left

rFire   . . .      SeeInvis .   j - +0 war axe (venom)
rCold   + . .      Faith    .   c - +0 buckler
rNeg    . . .      Spirit   .   b - +0 scale mail
rPois   .          Reflect  .   (no helmet)
rElec   .          Harm     .   (no cloak)
rCorr   .          Rampage  .   e - +0 pair of gloves
Will    .....                   (no boots)
Stlth   ..........              (no amulet)
HPRegen 0.22/turn               g - ring of protection from cold
MPRegen 0.12/turn               (no ring)

@: confused
A: no striking features
a: Renounce Religion, Convert to Beogh, Stomp, Line Pass


You were on level 6 of the Dungeon.
You worshipped Uskayaw.
Uskayaw was noncommittal.
You visited 2 branches of the dungeon, and saw 7 of its levels.

You collected 217 gold pieces.

Inventory:

Hand Weapons
 j - a +0 war axe of venom (weapon)
 v - a +0 broad axe
Armour
 b - a +0 scale mail (worn)
 c - a +0 buckler (worn)
 e - a +0 pair of gloves (worn)
Jewellery
 g - a ring of protection from cold (left hand)
Wands
 y - a wand of mindburst (19)
Scrolls
 a - a scroll of torment {unknown}
 h - 4 scrolls of teleportation {unknown}
 i - 5 scrolls of enchant weapon {unknown}
 l - a scroll of silence {unknown}
 p - 2 scrolls of vulnerability {unknown}
 q - 2 scrolls of enchant armour {unknown}
 r - 2 scrolls of immolation {unknown}
 s - 3 scrolls of identify {unknown}
 u - a scroll of fear {unknown}
 w - a scroll of blinking {unknown}
Potions
 d - a potion of might
 f - 3 potions of mutation {unknown}
 k - 3 potions of curing {unknown}
 m - 2 potions of heal wounds
 n - 2 potions of ambrosia {unknown}
 o - a potion of haste {unknown}
 t - a potion of degeneration {unknown}
 x - a potion of invisibility {unknown}
 z - a potion of magic {unknown}


   Skills:
 + Level 7.5 Fighting
 * Level 10.5 Axes
 - Level 3.2 Armour
 - Level 3.2 Shields
 + Level 4.5 Invocations


You had 7 spell levels left.
You didn't know any spells.
Your spell library contained the following spells:

 Spells                   Type           Power      Damage    Failure   Level
 Sting                    Tmut/Pois      0%         1d3       83%         1
 Corpse Rot               Necr/Air       0%         N/A       93%         2
 Poisonous Vapours        Pois/Air       0%         N/A       93%         2
 Scorch                   Fire           0%         2d5       93%         2
 Dispel Undead            Necr           0%         3d6       100%        4
 Flame Wave               Conj/Fire      0%         2d4       100%        4
 Olgreb's Toxic Radiance  Pois           0%         N/A       100%        4
 Death Channel            Necr           0%         N/A       100%        6
 Summon Cactus Giant      Summ           0%         N/A       100%        6


Dungeon Overview and Level Annotations

Branches:
Dungeon (6/15)             Temple (1/1) D:5

Altars:
Ashenzari
Cheibriados
Dithmenos
Elyvilon
Fedhas
Gozag
Kikubaaqudgha
Makhleb
Nemelex Xobeh
Okawaru
Qazlal
Ru
Sif Muna
Trog
Uskayaw
Vehumet
Wu Jian
Xom
Yredelemnul
Zin
The Shining One


Message History

Unknown command.
You hit the orc warrior but do no damage.
The orc warrior looks as sick as possible!
The orc warrior is almost dead.
You kill the orc warrior!
Your life force feels restored.
Unknown command.
You slash the killer bee zombie!
The killer bee zombie is moderately damaged.
The killer bee zombie hits you but does no damage.
You hit something. You closely miss something.
Something hits you but does no damage.
You miss something. You block something's attack.
You slash something! Something hits you but does no damage.
Uskayaw will force your foes to helplessly watch your dance.
Uskayaw prepares the audience for your solo!
You closely miss something.
Unknown command.
You hit something.
The killer bee zombie is no longer paralysed.
The orc priest is no longer paralysed.
You hear some strange, mumbled words.
You are confused.
You bump into the rock wall.
Reactivating autopickup.
You feel a bit more experienced.
The killer bee zombie hits you but does no damage.
The killer bee zombie attacks as you move away!
The killer bee zombie hits you.
* * * LOW HITPOINT WARNING * * *
The killer bee zombie barely misses you.
You bump into the rock wall.
The killer bee zombie barely misses you.
You're too confused to move!
The killer bee zombie hits you but does no damage.
The orc priest mumbles some strange prayers to Beogh against you.
Beogh smites you!
* * * LOW HITPOINT WARNING * * *
The killer bee zombie hits you.
You die...

#.......#
#.......#
#.......#
###.......#
#####.........#
#..)..........#
#.###.........#
#.<##...#.#####
#..##...#@#
#..##...#Z#
...######o#
.#.## #........
..#.# #........
.. #.#
#........ ###
#.# #........
#........
.........


You could see an orc priest and a killer bee zombie.

Vanquished Creatures
  Pikel (D:5)
  An orc warrior (D:6)
  An ogre (D:5)
  A scorpion (D:5)
  A necrophage (D:5)
  3 hounds
  2 jellies
  2 orc priests
  An iguana (D:5)
  Natasha (thrice) (D:3)
  An orc wizard (D:6)
  A killer bee zombie (D:6)
  11 adders
  A white imp (D:5)
  An ufetubus (D:4)
  A dart slug (D:1)
  2 worms (D:2)
  16 orcs
  7 bats
  11 endoplasms
  3 giant cockroaches
  5 hobgoblins
  2 quokkas
  17 ball pythons
  5 frilled lizards
  6 goblins
  7 kobolds
  5 rats
118 creatures vanquished.

Vanquished Creatures (others)
  3 withered plants (D:6)
3 creatures vanquished.

Grand Total: 121 creatures vanquished

Notes
Turn   | Place    | Note
-------+----------+-------------------------------------------
     0 | D:1      | Ajdolov the Hill Orc Fighter began the quest for the Orb.
     0 | D:1      | Reached XP level 1. HP: 19/19 MP: 1/1
    57 | D:1      | Reached skill level 3 in Axes
   389 | D:1      | Reached XP level 2. HP: 27/27 MP: 2/2
   554 | D:1      | Reached skill level 4 in Axes
   576 | D:1      | Reached XP level 3. HP: 33/33 MP: 3/3
  1123 | D:2      | Reached XP level 4. HP: 34/41 MP: 4/4
  1252 | D:2      | Reached skill level 5 in Axes
  1728 | D:3      | Noticed Natasha
  1733 | D:3      | Killed Natasha
  1734 | D:3      | Reached XP level 5. HP: 39/47 MP: 5/5
  1948 | D:3      | Noticed Natasha
  1952 | D:3      | Killed Natasha
  1953 | D:3      | Reached skill level 5 in Fighting
  1953 | D:3      | Reached skill level 6 in Axes
  2137 | D:3      | Noticed Natasha
  2494 | D:3      | Reached XP level 6. HP: 53/56 MP: 6/6
  2600 | D:3      | Killed Natasha
  2751 | D:4      | Reached skill level 7 in Axes
  3240 | D:5      | Entered Level 5 of the Dungeon
  3511 | D:5      | Found a staircase to the Ecumenical Temple.
  3526 | Temple   | Entered the Ecumenical Temple
  3612 | Temple   | Became a worshipper of Uskayaw the Reveller
  3623 | D:5      | Reached * piety under Uskayaw
  3625 | D:5      | Reached skill level 8 in Axes
  3625 | D:5      | Reached XP level 7. HP: 50/63 MP: 7/7
  3650 | D:5      | Reached ** piety under Uskayaw
  3652 | D:5      | Reached *** piety under Uskayaw
  3653 | D:5      | Reached skill level 1 in Invocations
  3860 | D:5      | Identified the +1 leather armour of Ashenzari's Anger
                  | {rPois rF- rC+ Slay+3}
  3931 | D:5      | Noticed Pikel
  3947 | D:5      | Killed Pikel
  3948 | D:5      | Reached skill level 9 in Axes
  3948 | D:5      | Reached XP level 8. HP: 45/73 MP: 7/10
  4119 | D:5      | Reached skill level 10 in Axes
  4747 | D:6      | HP: 3/73 [orc priest/divine providence (13)]
  4747 | D:6      | Slain by a killer bee zombie

Illustrated notes

Levels and vault maps discovered:
D:1:      dpeg_arrival_round_b, layout_basic
D:2:      layout_basic
D:3:      layout_basic, minmay_snake_closets, uniq_natasha
D:4:      layout_cave_pools
D:5:      layout_loops_cross, minmay_temple_entry_waves, uniq_pikel
D:6:      layout_basic, serial_undead, serial_undead_f, serial_undead_a,
          serial_undead_d, serial_undead_f, kennysheep_potato
Temple:   compressed_dpeg_circular_temple

Skill      XL: |  1  2  3  4  5  6  7  8 |
---------------+-------------------------+-----
Axes           | 3 4 5 6 8 9 10 | 10.5
Fighting       | 4 5 6 7 |  7.5
Invocations    | 3 4 |  4.5
Armour         | |  3.2
Shields        | |  3.2

Action                   |  1- 3 |  4- 6 |  7- 9 || total
-------------------------+-------+-------+-------++-------
Melee: War axe           |   108 |   141 |    70 ||   319
Armor: Scale mail        |    51 |    65 |    15 ||   131
Dodge: Dodged            |    45 |    62 |    24 ||   131
Block: Buckler           |    26 |    23 |     7 ||    56

Table legend: (Time is in decaauts)
 A = Elapsed time spent in this place.
 B = Non-inter-level travel time spent in this place.
 C = Inter-level travel time spent in this place.
 D = Time resting spent in this place.
 E = Time spent auto-exploring this place.
 F = Levels seen in this place.
 G = Mean time per level.
                   A        B        C        D        E       F      G
               +--------+--------+--------+--------+--------+-----+--------+
         Total |   4829 |   4588 |    241 |    106 |   3684 |   7 |  689.9 |
       Dungeon |   4731 |   4498 |    233 |    106 |   3628 |   6 |  788.5 |
        Temple |     98 |     90 |      8 |      0 |     56 |   1 |   98.0 |
               +--------+--------+--------+--------+--------+-----+--------+

Top non-repeatable levels by time:
     D:3: 1293 daAuts
     D:5: 1281 daAuts
     D:1: 806 daAuts
     D:2: 715 daAuts
     D:4: 498 daAuts
     D:6: 135 daAuts
  Temple: 98 daAuts
